 Dungeon Crawl Stone Soup version 0.15-a0-1113-g220e614 (console) character file.

179 gw the Cudgeler (level 5, 57/57 HPs)
             Began as an Ogre Berserker on May 28, 2014.
             Was a Believer of Trog.
             Quit the game on Level 4 of the Dungeon.
             The game lasted 00:03:20 (4285 turns).

gw the Cudgeler (Ogre Berserker)                    Turns: 4285, Time: 00:03:20

HP  57/57        AC  4     Str 22      XL: 5   Next: 59%
MP   5/5         EV 10     Int  6      God: Trog [**....]
Gold 0           SH  0     Dex 10      Spells:  0 memorised,  4 levels left

rFire  . . .     SeeInvis .     a - +1 mace
rCold  . . .     Clarity  .     b - +0 animal skin
rNeg   + . .     Conserve .     (shield restricted)
rPois  .         rCorr    .     (helmet restricted)
rElec  .         rRot     .     d - +0 cloak
SustAb .         Spirit   .     (gloves unavailable)
rMut   .         Warding  +     (boots unavailable)
Gourm  .         Stasis   .     k - amulet of warding
MR     .....                    (no ring)
                                (no ring)

@: not resistant to hostile enchantments, very unstealthy
A: unfitting armour, screaming 1, slow metabolism 1, tough skin 1
a: Burn Spellbooks, Berserk, Trog's Hand, Renounce Religion


You were on level 4 of the Dungeon.
You worshipped Trog.
Trog was pleased with you.
You were near starving.

You visited 1 branch of the dungeon, and saw 4 of its levels.

Inventory:

Hand weapons
 a - a +1,+1 mace (weapon)
Armour
 b - a +0 animal skin (worn)
 d - a +0 cloak (worn)
Comestibles
 c - 2 meat rations
 f - 4 bread rations
 i - 2 slices of pizza
Scrolls
 e - 2 scrolls of identify {unknown}
 h - 3 scrolls of remove curse
 r - a scroll of teleportation
Jewellery
 k - an amulet of warding (around neck)
Potions
 g - 3 potions of might
 j - 3 potions of heal wounds
 o - a potion of curing


   Skills:
 + Level 5.0 Fighting
 * Level 6.0 Maces & Flails
 + Level 2.2 Throwing
 + Level 3.5 Dodging


You had 4 spell levels left.
You didn't know any spells.

Dungeon Overview and Level Annotations

Branches:
Dungeon (4/15)             Temple (0/1) D:4

Altars:


Innate Abilities, Weirdness & Mutations

You are too large for most types of armour.
You have tough skin (AC +1).
You occasionally shout uncontrollably at your foes.
You have a slow metabolism.


Message History

ATTACKING (0,-1)
The hobgoblin is too close now for your liking.
ATTACKING (0,-1)
The hobgoblin is too close now for your liking.
ATTACKING (0,-1)
The hobgoblin is too close now for your liking.
ATTACKING (0,-1)
The hobgoblin is too close now for your liking.
ATTACKING (0,-1)
The hobgoblin is too close now for your liking.
ATTACKING (0,-1)
The hobgoblin is too close now for your liking.
ATTACKING (0,-1)
The hobgoblin is too close now for your liking.
ATTACKING (0,-1)
The hobgoblin is too close now for your liking.
ATTACKING (0,-1) Unknown command.
Unknown command.
Are you sure you want to abandon this character and quit the game? (Confirm with "yes".)

#+++#.....###########
#...##..............##
##.....##.#########.....
#...>...#.........#.#.#.
#.......#...........#.#.
#..>.>..#..#..###.#.#.#.
###.....##..#..##......#. #.
#..g##...#............ #.
#####O.......#........
#.#####(##(....................
.........((.......#......#..##.
######................#..#.....
............................##.
#############...##.#.#..#.....
#.................
#..............##.
#.#####..#..#####.


There were no monsters in sight!

Table legend:
 A = Turns spent in this place as a percentage of turns spent in the entire game.
 B = Non-inter-level travel turns spent in this place as a percentage of non-inter-level travel turns spent in the entire game.
 C = Inter-level travel turns spent in this place as a percentage of turns spent in this place.
 D = Turns resting spent in this place as a percentage of non-inter-level travel turns spent in this place.
 E = Turns spent auto-exploring this place as a percentage of non-inter-level travel turns spent in this place.
 F = Non-inter-level travel turns spent in this place divided by the number of levels of this place that you've seen.
                   A       B       C       D       E      F
               +-------+-------+-------+-------+-------+----------------------
         Total | 100.0 | 100.0 |   0.7 |   3.6 |  22.3 | 352.8
       Dungeon | 100.0 | 100.0 |   0.7 |   3.6 |  22.3 | 352.8
               +-------+-------+-------+-------+-------+----------------------

Table legend:
 A = Kills in this place as a percentage of kills in entire the game.
 B = Kills by you in this place as a percentage of kills by you in the entire game.
 C = Kills by friends in this place as a percentage of kills by friends in the entire game.
 D = Other kills in this place as a percentage of other kills in the entire game.
 E = Experience gained in this place as a percentage of experience gained in the entire game.
 F = Experience gained in this place divided by the number of levels of this place that you have seen.
                   A       B       C       D       E      F
               +-------+-------+-------+-------+-------+----------------------
         Total | 100.0 | 100.0 |  -nan |  -nan | 100.0 |  64.2
       Dungeon | 100.0 | 100.0 |  -nan |  -nan | 100.0 |  64.2
               +-------+-------+-------+-------+-------+----------------------

Vanquished Creatures
  7 gnolls
  4 adders
  2 giant mites
  2 worms
  2 oozes (D:2)
  An orc (D:2)
  4 giant cockroaches
  6 hobgoblins
  3 jackals (D:3)
  7 kobolds
  A quokka (D:4)
  2 ball pythons
  7 bats
  6 goblins
  4 rats
58 creatures vanquished.

Notes
Turn   | Place    | Note
--------------------------------------------------------------
     0 | D:1      | gw, the Ogre Berserker, began the quest for the Orb.
     0 | D:1      | Reached XP level 1. HP: 24/24 MP: 1/1
   620 | D:1      | Reached XP level 2. HP: 32/32 MP: 2/2
  1337 | D:2      | Reached skill level 1 in Throwing
  1389 | D:2      | Reached XP level 3. HP: 38/40 MP: 3/3
  1536 | D:2      | Acquired Trog's second power
  1878 | D:2      | Reached skill level 5 in Maces & Flails
  1878 | D:2      | Reached XP level 4. HP: 49/49 MP: 4/4
  2660 | D:3      | Reached XP level 5. HP: 31/55 MP: 5/5
  3414 | D:3      | Reached skill level 5 in Fighting
  3491 | D:3      | Gained mutation: You have a slow metabolism. [potion of mutation]
  3491 | D:3      | Gained mutation: You occasionally shout uncontrollably at your foes. [potion of mutation]
  3530 | D:4      | Reached skill level 6 in Maces & Flails
  3547 | D:4      | Found a staircase to the Ecumenical Temple.
  4118 | D:4      | SGrunt: stop it
  4118 | D:4      | Shh! I'm trying to concentrate.
  4118 | D:4      | Shh! I'm trying to concentrate.
  4285 | D:4      | Quit the game

Action                   |  1- 3 |  4- 6 || total
-------------------------+-------+-------++-------
Melee: Mace              |    65 |    66 ||   131
Throw: Stone             |    53 |   127 ||   180
       Dart              |       |    54 ||    54
Invok: Berserk           |     1 |       ||     1
       Trog's Hand       |     1 |       ||     1
  Use: Scroll            |     6 |     3 ||     9
       Potion            |     4 |     4 ||     8

Vault maps used:
D:1:      scummos_arrival_simple_crosswalls
D:2:      first_bread
D:4:      minmay_temple_entry_overgrown, kennysheep_windowed_goal
